 Dungeon Crawl Stone Soup version 0.31-a0-187-gba352fbbf7 (webtiles) character file.

Game seed: 118169036194758649

83 qw the Shooter (level 4, -9/25 HPs)
             Began as a Deep Elf Hunter on June 22, 2023.
             Mangled by an iguana (11 damage)
             ... on level 5 of the Dungeon.
             The game lasted 00:00:31 (1807 turns).

qw the Shooter (Deep Elf Hunter)                    Turns: 1807, Time: 00:00:32

Health: -9/25      AC:  5    Str:  8 (10) XL:     4   Next: 22%
Magic:  6/6        EV: 10    Int: 11 (14) God:
Gold:   62         SH:  0    Dex: 17 (18) Spells: 3/3 levels left

rFire   . . .        Y - +1 shortbow
rCold   . . .        (shield currently unavailable)
rNeg    . . .        c - +0 ring mail
rPois   .            (no helmet)
rElec   .            (no cloak)
rCorr   .            (no gloves)
SInv    .            (no boots)
Will    .....        (no amulet)
Stlth   +            (no ring)
HPRegen 0.24/turn    (no ring)
MPRegen 0.10/turn

%: no passive effects
@: no status effects
A: no striking features
a: no special abilities


You were on level 5 of the Dungeon.
You visited 1 branch of the dungeon, and saw 4 of its levels.

You collected 62 gold pieces.


   Skills:
 - Level 1.5 Fighting
 + Level 7.6 Ranged Weapons
 - Level 2.4 Dodging
 - Level 1.2 Stealth


You had 3 spell levels left.
You didn't know any spells.
Your spell library was empty.

Inventory:

Hand Weapons
 Y - a +1 shortbow (weapon)
Armour
 c - a +0 ring mail (worn)
Scrolls
 b - a scroll of identify
Potions
 e - a potion of might
 l - a potion of berserk rage {unknown}
 m - a potion of curing {unknown}

Dungeon Overview and Level Annotations

Branches:
Dungeon (3/15)

Altars:


Message History

An orc priest comes into view. It is wielding a +0 flail.
You feel your strength returning.
You have reached level 4!
You feel clever.
You shoot an arrow. The arrow barely misses the orc.
You shoot an arrow. The arrow hits the orc.
The orc is heavily wounded.
You shoot an arrow. The arrow hits the orc!
You kill the orc!
An orc wizard comes into view. It is wielding a +0 dagger.
You shoot an arrow. The arrow completely misses the orc.
The orc hits you with a +0 flail.
The orc wizard mumbles some strange words.
The orc wizard flickers and vanishes!
Deactivating autopickup; reactivate with Ctrl-A.
The orc priest calls down the wrath of Beogh upon you.
Beogh smites you!
1802 ||| READING scroll of teleportation.
As you read the scroll of teleportation, it crumbles to dust.
You feel strangely unstable. The orc completely misses you.
You shoot an arrow. The arrow hits the orc.
The orc is heavily wounded.
The orc priest looks braver for a moment.
You shoot an arrow. The arrow barely misses the orc.
The orc hits you but does no damage.
You shoot an arrow. The arrow barely misses the orc.
Your surroundings suddenly seem different.
An ufetubus comes into view.
Found 10 gold pieces.
Found an escape hatch in the floor.
The ufetubus shouts!
An iguana comes into view.
Autopickup is now on.
You shoot an arrow. The iguana hisses angrily.
The arrow hits the iguana!
The iguana is heavily wounded.
The iguana closely misses you.
You shoot an arrow. The arrow barely misses the iguana.
The iguana bites you. The iguana bites you!
You die...

.# #.# ..## #
#...#..
.....##
......#
##.......
#@5...#
......l.....#
............#
......#.##..#
......#.. ..#
...>..### ...
##### .## $#


You could see an iguana and an ufetubus.

Vanquished Creatures
  An orc priest (D:5)
  An adder (D:2)
  An ufetubus (D:5)
  A dart slug (D:2)
  An orc (D:5)
  3 endoplasms
  2 giant cockroaches
  3 goblins
  5 hobgoblins
  2 kobolds
  2 quokkas (D:1)
  4 ball pythons (D:1)
  2 bats
  A frilled lizard (D:2)
  6 rats
35 creatures vanquished.

Notes
Turn   | Place    | Note
-------+----------+-------------------------------------------
     0 | D:1      | qw the Deep Elf Hunter began the quest for the Orb.
     0 | D:1      | Reached XP level 1. HP: 12/12 MP: 3/3
     0 | D:1      | 0 ||| qw: Version: 0.3-a-9-g12657ce
     0 | D:1      | 0 ||| qw: Game counter: 2119
     0 | D:1      | 0 ||| qw: Always use a shield: true
     0 | D:1      | 0 ||| qw: God list: Okawaru
     0 | D:1      | 0 ||| qw: Allow faded altars: false
     0 | D:1      | 0 ||| qw: Do Orc after D:15 true
     0 | D:1      | 0 ||| qw: Do second Lair branch before Depths: true
     0 | D:1      | 0 ||| qw: Lair rune preference: random
     0 | D:1      | 0 ||| qw: Plans: Normal
     0 | D:1      | 0 ||| PLANNING D:1-11
   297 | D:1      | Reached XP level 2. HP: 16/16 MP: 4/4
   339 | D:1      | Reached skill level 6 in Ranged Weapons
   810 | D:1      | 810 ||| UPGRADING to +0 scale mail.
   820 | D:1      | 820 ||| DROPPING +0 leather armour.
   821 | D:1      | 821 ||| READING 2 scrolls labelled PAICUDW VIMYNA.
   824 | D:1      | 824 ||| READING scroll labelled XAUTUU VUOLOWK.
   825 | D:1      | 825 ||| READING scroll labelled WIPUYDEMIZ.
   826 | D:1      | 826 ||| READING scroll labelled VUAJEL GOSS.
   827 | D:1      | 827 ||| READING scroll labelled QUNIGY MEUNKEM.
   828 | D:1      | 828 ||| DRINKING 2 coppery potions.
   863 | D:1      | 863 ||| DRINKING 2 murky yellow potions.
   864 | D:1      | 864 ||| DROPPING scroll of butterflies.
   865 | D:1      | 865 ||| DROPPING potion of lignification.
   866 | D:1      | 866 ||| DROPPING potion of magic.
   938 | D:2      | 938 ||| FLEEEEING.
   940 | D:2      | 940 ||| STAIRDANCE
   956 | D:2      | 956 ||| STAIRDANCE
  1143 | D:2      | Reached XP level 3. HP: 20/20 MP: 5/5
  1496 | D:2      | Reached skill level 7 in Ranged Weapons
  1744 | D:2      | 1744 ||| UPGRADING to +0 ring mail.
  1754 | D:2      | 1754 ||| DROPPING +0 scale mail.
  1755 | D:2      | 1755 ||| DRINKING 2 ruby potions.
  1756 | D:2      | 1756 ||| READING 2 scrolls of identify.
  1756 | D:2      | 1756 ||| IDENTIFYING silvery potion
  1757 | D:2      | 1757 ||| DROPPING potion of degeneration.
  1784 | D:3      | You fall into a shaft and drop 2 floors!
  1784 | D:5      | Entered Level 5 of the Dungeon
  1798 | D:5      | Reached XP level 4. HP: 18/25 MP: 6/6
  1801 | D:5      | HP: 4/25 [orc priest/divine providence (11)]
  1802 | D:5      | 1802 ||| READING scroll of teleportation.
  1807 | D:5      | HP: 2/25 [iguana (4)]
  1807 | D:5      | Mangled by an iguana

Levels and vault maps discovered:
D:1:      lightli_arrival_boilingwater, layout_loops_corners
D:2:      layout_loops_corners
D:3:      minmay_roachtagon, layout_rooms, marbit_many_paths, uniq_terence,
          uniq_grinder, uniq_robin
D:5:      layout_loops_cross, mainiacjoe_overflow_boulevard,
          minmay_temple_entry_statues, kennysheep_decorative_pillar

Skill      XL: |  1  2  3 |
---------------+----------+-----
Ranged Weapons | 6 7 |  7.6
Fighting       | |  1.5
Dodging        | |  2.4
Stealth        | |  1.2

Action                     |  1- 3 |  4- 6 || total
---------------------------+-------+-------++-------
   Fire: Shortbow          |    89 |     9 ||    98
    Use: Scroll            |     6 |     1 ||     7
         Potion            |     3 |       ||     3
 Armour: Scale mail        |    12 |       ||    12
         Leather armour    |     3 |       ||     3
         Ring mail         |     4 |     1 ||     5
  Dodge: Dodged            |    21 |     2 ||    23

Table legend:
 A = Non-vault XP
 B = Vault XP
 C = Vault XP percentage of total XP
 D = Non-vault monster count
 E = Vault monster count
 F = Vault count percentage of total count
                 A         B        C        D         E       F
            +---------+---------+-------+---------+---------+-------
      Total |     119 |       0 |   0.0 |      35 |       0 |   0.0
            +---------+---------+-------+---------+---------+-------
        D:1 |      30 |       0 |   0.0 |      19 |       0 |   0.0
        D:2 |      35 |       0 |   0.0 |      13 |       0 |   0.0
        D:5 |      54 |       0 |   0.0 |       3 |       0 |   0.0
            +---------+---------+-------+---------+---------+-------
